Map: Echo LE (Void)

Players

Bop - Winner!

  • Race: Protoss Protoss

Waffelz

  • Race: Terran Terran

VOD

Have the link to the VOD?

Description

Time

  • Played on: May 1, 2015, 5:34 a.m.
  • Length: 12:22
Show
View Real Time Build Order
Export as new Build Order

Bop Protoss - Winner!

Build Orders: Nexus First, Phoenix Opening, Phoenix Opening 

Get SALT Encoding   

  12  0:01  Probe  
  13  0:13  Probe  
  14  0:42  Nexus  
  14  0:52  Pylon  
  14  1:10  Gateway  
  14  1:14  Assimilator  
  14  1:16  Probe (Chrono Boost), Assimilator  
  16  1:27  Probe (Chrono Boost)  
  16  1:33  Probe (Chrono Boost)  
  17  1:45  Probe (Chrono Boost), Pylon  
  18  1:53  Probe (Chrono Boost)  
  19  1:57  Zealot (Chrono Boost)  
  19  2:01  Cybernetics Core  
  21  2:03  Probe  
  21  2:08  Probe (Chrono Boost)  
  23  2:20  Probe (Chrono Boost)  
  23  2:21  Probe (Chrono Boost)  
  25  2:29  Probe (Chrono Boost)  
  27  2:38  Mothership Core (Chrono Boost)  
  27  2:39  Warp Gate  
  27  2:42  Stalker (Chrono Boost)  
  29  2:52  Probe x2 (Chrono Boost)  
  31  3:04  Probe (Chrono Boost), Stargate  
  31  3:05  Probe (Chrono Boost)  
  33  3:16  Probe (Chrono Boost)  
  33  3:17  Probe (Chrono Boost)  
  35  3:20  Pylon  
  35  3:24  Probe x2 (Chrono Boost)  
  37  3:31  Adept (Chrono Boost)  
  39  3:36  Gateway  
  39  3:48  Phoenix (Chrono Boost)  
  41  4:03  Probe x2  
  41  4:06  Phoenix (Chrono Boost)  
  41  4:09  Adept (Chrono Boost)  
  45  4:31  Probe, Phoenix (Chrono Boost)  
  45  4:32  Probe  
  45  4:34  Assimilator  
  45  4:35  Assimilator  
  47  4:44  Probe x2  
  49  4:49  Phoenix (Chrono Boost)  
  51  4:56  Probe  
  52  5:00  Pylon  
  52  5:02  Pylon  
  52  5:06  Gateway  
  52  5:07  Gateway  
  52  5:18  Probe x2, Phoenix (Chrono Boost)  
  56  5:30  Probe (Chrono Boost)  
  56  5:34  Adept x2  
  59  5:39  Probe (Chrono Boost)  
  59  5:41  Phoenix (Chrono Boost)  
  63  5:43  Probe (Chrono Boost), Robotics Facility  
  63  5:44  Pylon x2  
  63  5:49  Probe (Chrono Boost)  
  64  6:01  Phoenix (Chrono Boost)  
  66  6:20  Twilight Council  
  66  6:21  Gateway, Forge  
  66  6:24  Phoenix (Chrono Boost)  
  66  6:25  Pylon  
  66  6:44  Phoenix  
  64  6:55  Pylon  
  64  7:00  Adept x4  
  72  7:04  Protoss Ground Weapons Level 1 (Chrono Boost)  
  72  7:14  Pylon  
  72  7:18  Warp Prism (Chrono Boost)  
  72  7:19  Robotics Bay  
  74  7:22  Dark Shrine  
  74  7:25  Nexus  
  74  7:28  Pylon  
  74  7:34  Shield Upgrade (Chrono Boost)  
  66  8:10  Robotics Facility  
  62  8:13  Disruptor (Chrono Boost)  
  62  8:14  Probe x2  
  62  8:17  Oracle (Chrono Boost)  
  67  8:25  Zealot x5  
  67  8:26  Probe x2  
  79  8:33  Pylon  
  79  8:34  Assimilator  
  79  8:37  Assimilator  
  79  8:38  Probe x2  
  81  8:45  Dark Templar x3  
  85  8:49  Disruptor (Chrono Boost)  
  85  8:50  Probe x2  
  85  8:53  Gravitic Drive (Chrono Boost)  
  83  8:58  Probe  
  83  9:02  Probe, Zealot x2  
  89  9:03  Probe  
  90  9:12  Gateway x2, Charge (Chrono Boost)  
  90  9:14  Gateway  
  90  9:17  Probe x2 (Chrono Boost)  
  86  9:18  Probe (Chrono Boost)  
  87  9:27  Probe x3 (Chrono Boost)  
  87  9:30  Zealot x2  
  94  9:33  Zealot  
  94  9:35  Probe x3  
  98  9:40  Sentry x2  
  102  9:47  Probe  
  101  9:54  Probe x2  
  101  9:56  Zealot x3  
  101  9:59  Probe  
  108  10:04  Photon Cannon x2  
  108  10:06  Probe x2  
  108  10:19  Zealot x3  
  108  10:20  Zealot x3  
  120  10:25  Templar Archives  
  120  10:37  Disruptor x2  
  120  10:47  Dark Templar x5  
  120  10:48  Dark Templar  
  132  10:52  Archon x3  
  132  10:56  Stalker x2  
  104  11:19  Zealot x3  
  104  11:20  Zealot x4  
  116  11:25  Nexus  
  116  11:27  Dark Templar  
  118  11:37  Observer (Chrono Boost)  
  119  11:43  Disruptor x2  
  118  11:54  Observer (Chrono Boost)  
  118  12:00  Dark Templar x2  
  122  12:06  Pylon  
  122  12:08  Pylon  
  122  12:10  Pylon  
Show
View Real Time Build Order
Export as new Build Order

Waffelz Terran 

Build Orders: Reaper Expand, MMM Bio 

Get SALT Encoding   

  12  0:01  SCV  
  13  0:16  Supply Depot, SCV  
  14  0:33  SCV  
  15  0:41  Barracks  
  15  0:45  Refinery  
  15  0:46  SCV  
  16  0:58  SCV  
  17  1:10  SCV  
  18  1:22  SCV  
  19  1:31  Reaper  
  20  1:34  Orbital Command  
  20  1:44  Command Center  
  20  1:59  SCV  
  21  2:03  Barracks Reactor  
  21  2:17  Command Center  
  21  2:20  SCV  
  22  2:35  SCV  
  23  2:54  Supply Depot  
  23  2:55  Marine x2  
  25  2:59  Barracks  
  25  3:00  Barracks  
  25  3:01  SCV  
  25  3:02  Orbital Command  
  26  3:13  SCV, Marine x2  
  26  3:15  Engineering Bay  
  28  3:21  Bunker  
  28  3:26  SCV  
  29  3:31  Marine x2  
  31  3:34  SCV  
  31  3:36  Orbital Command  
  31  3:37  Refinery  
  32  3:45  SCV  
  32  3:46  SCV  
  32  3:49  Marine x2  
  32  3:51  Barracks Reactor  
  30  4:03  SCV  
  30  4:09  Marine  
  29  4:10  Marine  
  30  4:17  SCV  
  30  4:18  Marine  
  30  4:23  SCV  
  32  4:27  Marine  
  32  4:28  Marine x2  
  34  4:31  SCV  
  34  4:34  Terran Infantry Weapons Level 1  
  34  4:36  Barracks Tech Lab  
  35  4:45  SCV x2  
  36  4:46  SCV  
  36  4:52  Marine x3  
  38  4:53  Marine  
  38  4:57  SCV x2  
  38  4:58  SCV  
  38  4:59  Missile Turret  
  44  5:00  Factory  
  44  5:01  Missile Turret  
  44  5:04  Missile Turret  
  44  5:09  SCV  
  44  5:10  Stimpack  
  43  5:28  SCV x2  
  44  5:31  Marine x3  
  44  5:32  Marauder, Marine  
  46  5:38  SCV  
  46  5:40  SCV  
  46  5:41  Barracks  
  46  5:42  Barracks  
  48  5:44  SCV  
  49  5:50  SCV  
  49  5:52  SCV, Marine x3  
  49  5:53  Marine  
  49  5:55  Marauder  
  49  5:56  SCV  
  56  6:08  SCV x2, Missile Turret  
  58  6:12  SCV, Engineering Bay  
  58  6:13  Armory  
  57  6:20  SCV  
  57  6:21  SCV  
  57  6:25  SCV  
  60  6:29  Marine x2  
  60  6:30  Barracks Tech Lab  
  60  6:31  Barracks Tech Lab  
  61  6:36  Bunker, Marine  
  61  6:37  Supply Depot, SCV  
  61  6:39  Marine  
  61  6:40  SCV  
  59  6:54  Marine x3  
  51  6:56  SCV x3  
  51  6:58  Factory Reactor, Starport  
  57  7:07  Marine, Refinery x2, Marauder x2  
  57  7:08  Marauder  
  64  7:09  Combat Shields  
  64  7:11  Marine  
  64  7:12  SCV  
  64  7:13  Refinery  
  64  7:14  SCV, Refinery  
  67  7:19  SCV  
  67  7:22  Marine x2  
  70  7:25  SCV  
  71  7:31  Marine x2  
  71  7:32  Marauder x2  
  77  7:47  SCV  
  77  7:48  SCV  
  77  7:50  SCV, Marine  
  77  7:52  Marine  
  77  7:53  Marine  
  77  7:54  Marine  
  77  7:55  Marine  
  77  8:02  SCV  
  77  8:12  Marine  
  77  8:15  Supply Depot x2, Terran Infantry Weapons Level 2  
  77  8:16  Supply Depot  
  77  8:17  Starport Reactor  
  77  8:20  Terran Infantry Armor Level 1  
  77  8:36  SCV x3, Marauder, Concussive Shells, Marine  
  77  8:37  Marauder  
  77  8:38  Marauder  
  87  8:48  SCV  
  87  8:53  Marine x2  
  90  8:55  Medivac  
  90  8:56  Medivac  
  90  8:58  SCV  
  90  8:59  Supply Depot  
  87  9:16  SCV x2  
  85  9:21  Missile Turret  
  85  9:22  Supply Depot, SCV  
  85  9:23  Marine x4  
  85  9:24  Marauder x3  
  96  9:25  Hellbat x2  
  96  9:27  Terran Vehicle and Ship Weapons Level 1  
  96  9:28  SCV  
  101  9:31  Supply Depot  
  101  9:35  Supply Depot  
  101  9:37  Medivac  
  101  9:38  Medivac  
  102  9:55  Marine  
  102  9:56  Marine x5  
  102  9:57  Marauder  
  108  10:04  Bunker  
  108  10:16  Marine x2  
  108  10:17  Marauder x2, Marine x2  
  108  10:18  Marauder  
  108  10:19  Hellbat  
  120  10:35  Marine x4  
  121  10:39  Widow Mine, Marauder  
  121  10:40  Widow Mine  
  130  10:43  Starport  
  130  10:45  SCV  
  130  10:46  Factory  
  130  10:49  Supply Depot  
  131  11:05  Command Center  
  131  11:16  Marine  
  131  11:17  Marauder, Marine x3  
  131  11:18  Marauder x2  
  82  11:27  Medivac, Hellbat x2  
  82  11:28  Medivac  
  82  11:29  Starport Reactor  
  82  11:30  Factory Tech Lab  
  90  11:39  Marauder x2  
  91  11:47  Widow Mine  
  91  11:48  SCV x3, Widow Mine  
  91  11:49  Marine x4  
  91  11:51  Marauder  
  104  11:57  Missile Turret  
Tags
 
Add a new tag
Caveats
  • Supply blocks, unpowered buildings, or Contaminate may cause inaccurate times.
  • Supply counts are checked every 10 seconds.